cohdb
Replays
Latest Replays
All Replays
Popular Replays
Top Player Replays
Match Explorer
How It Works
Community
CoH3 Stats
Reddit
Sign in to upload your games and track your stats! →
Sign in with Steam
Match 44429511
Unlisted
Match 44429511
Overview
Messages
Build Orders
End
Construct Infanterie Kompanie
Selects Luftwaffe Battlegroup
Selects Luftwaffe Pioneer Support
Fallschirmpioneer Squad Paradrop
MG 42 Machine Gun Team
MG 42 Machine Gun Team
GrW 34 Mortar Team
MG 42 Machine Gun Team
Construct Luftwaffe Kompanie
Fallschirmpioneer Squad Paradrop
Selects Stuka Strafing Run
Stuka Strafing Run
MG 42 Bunker
Support Elements
Wirbelwind Flakpanzer
Construct Panzergrenadier Kompanie
Selects Fallschirmjäger Squad Paradrop
Nebelwerfer 42 Rocket Launcher Team
Panzergrenadier Officer Quarters
Construct Panzer Kompanie
Joraad
Leprecon rus
=|VivA|= SaNdInO
Holtty
Hanibalski
Batman8825
daniel.james94
romper77
0
0
Comments
sign in to comment!
No comments posted yet!